 Dungeon Crawl Stone Soup version 0.22-a0-280-g69bf1f3 (webtiles) character file.

118827 varam the Grappler (level 16, -3/165 HPs)
             Began as a Troll Monk on Mar 16, 2018.
             Was the Champion of Okawaru.
             Slain by a salamander
             ... wielding a +3 halberd
              (15 damage)
             ... on level 1 of the Snake Pit.
             The game lasted 01:59:55 (28756 turns).

varam the Grappler (Troll Monk)                    Turns: 28756, Time: 01:59:56

Health: -3/165     AC: 12    Str: 23    XL:     16   Next: 26%
Magic:  19/21      EV: 16    Int:  9    God:    Okawaru [******]
Gold:   2548       SH: 13    Dex: 14    Spells: 15/15 levels left

rFire    . . .     SeeInvis +     - Unarmed
rCold    + + +     Gourm    +   Y - +0 shield {rC+}
rNeg     . . .     Faith    +   s - +2 steam dragon scales
rPois    .         Spirit   .   S - +0 hat {MR+}
rElec    .         Reflect  .   w - scarf {rC+ rF+}
rCorr    .         Harm     .   (gloves unavailable)
MR       ++...                  (boots unavailable)
Stlth    ++++......             i - amulet of faith
HPRegen  0.77/turn              J - ring of Wabbis {Ice +Blink +Fly Stlth+}
MPRegen  0.17/turn              e - ring of see invisible

@: lethally poisoned (-3 -> -9), heroism, constricted
A: large, unfitting armour, claws 3, fast metabolism 3, gourmand, regeneration
1, shaggy fur 1, tough skin 2
a: Heroism, Finesse, Renounce Religion, Evoke Blink, Evoke Flight


You were on level 1 of the Snake Pit.
You worshipped Okawaru.
Okawaru was exalted by your worship.
You were not hungry.

You visited 5 branches of the dungeon, and saw 25 of its levels.
You also visited: Ice Cave.

You collected 2578 gold pieces.
You spent 30 gold pieces at shops.

Inventory:

Hand Weapons
 h - a +2 lajatang of electrocution
 P - a +0 blowgun
Missiles
 k - 7 silver javelins
 m - 8 poisoned javelins
 p - 32 large rocks (quivered)
 u - 5 steel tomahawks
 O - 2 needles of confusion
 Q - 5 javelins of penetration
 U - 10 needles of sleeping
 W - 5 javelins of returning
 X - 7 needles of paralysis
Armour
 s - +2 steam dragon scales (worn)
 w - a scarf of resistance (worn)
 S - a +0 hat of magic resistance (worn)
 Y - a +0 shield of cold resistance (worn)
Jewellery
 e - a ring of see invisible (right claw)
 i - an amulet of faith (around neck)
 v - an uncursed ring of protection from fire
 D - an uncursed ring of protection from magic
 J - the ring of Wabbis (left claw) {Ice +Blink +Fly Stlth+}
   (You found it on level 6 of the Lair of Beasts)

   [ring of ice]

   It enhances your ice magic.
   It makes you vulnerable to fire.
   It protects you from cold.
   It lets you fly.
   It lets you blink.
   It makes you more stealthy.
Wands
 j - a wand of digging (16)
 z - a wand of paralysis (15)
 L - a wand of disintegration (14)
 R - a wand of flame (47)
Scrolls
 a - 4 scrolls of blinking
 g - 16 scrolls of teleportation
 l - 14 scrolls of remove curse
 o - 4 scrolls of fog
 r - 5 scrolls of magic mapping
Potions
 c - 7 potions of haste
 d - 8 potions of heal wounds
 n - 7 potions of curing
 q - 2 potions of might
 x - a potion of agility
 y - a potion of resistance
 E - a potion of berserk rage
Miscellaneous
 C - a lightning rod (4/4)
 V - a phial of floods
Comestibles
 b - 37 rations


   Skills:
 * Level 11.7(16.7) Fighting
 - Level 10.4(15.4) Throwing
 + Level 6.2(11.2) Armour
 - Level 9.4(14.4) Dodging
 - Level 1.0(6.0) Stealth
 - Level 9.0(14.0) Shields
 * Level 14.7(19.7) Unarmed Combat
 - Level 9.1 Invocations
 - Level 0.6 Evocations


You had 15 spell levels left.
You didn't know any spells.

Dungeon Overview and Level Annotations

Branches:
Dungeon (15/15)            Temple (1/1) D:6            Lair (6/6) D:10
 Shoals (0/4) Lair:3        Snake (1/4) Lair:2        Slime (0/5) Lair:6
    Orc (2/2) D:9             Elf (0/3) Orc:2        Vaults (0/5) D:14
 Depths (0/5) D:15

Altars:
Cheibriados
Dithmenos
Elyvilon
Hepliaklqana
Okawaru
Ru
Sif Muna
Trog
Wu Jian
The Shining One
Beogh

Shops:
D:5 *   Orc:1 (   Orc:2 :*[(

Annotations:
Lair:6 exclusion: oklob plant


Innate Abilities, Weirdness & Mutations

You are too large for most types of armour.
You have claws for hands.
Your metabolism is lightning-fast.
You like to eat raw meat.
Your natural rate of healing is unusually fast.
You are covered in fur. (AC +1)
You have very tough skin. (AC +2)


Message History

* * * LOW HITPOINT WARNING * * *
The naga mage constricts you. You block the salamander's attack.
The naga mage hits you but does no damage.
* * * LOW HITPOINT WARNING * * *
The naga mage constricts you.
You closely miss the naga mage.
The naga mage is moderately wounded.
You feel sick. The naga mage spits poison at you.
The splash of poison hits you!
You are more poisoned.
* * * LOW HITPOINT WARNING * * *
The naga mage constricts you.
You closely miss the naga mage.
The naga mage is moderately wounded.
You feel sick.
The salamander hits you from afar with an enchanted halberd!
* * * LOW HITPOINT WARNING * * *
You are engulfed in flames!
You die...

##....###...#...
##...### #....... .
##..^## ##.....# #.
##...## #....## #..
##...## ##...##
#...#...## #.....##
.......##### ##......#
......)....#####...#....
..##.)@..........##....
# #.N######....###....
##N ###..# #..## #.
#...# .# #. ....# #.
......# #. ...#.... #.
###.....


You could see a salamander and a naga mage.

Vanquished Creatures
  Rupert (Lair:6)
  Agnes (Snake:1)
  A frost giant (IceCv)
  An orc warlord (Orc:2)
  A stone giant (Orc:1)
  The ghost of RoseArtemis the Bludgeoner, a journeyman MiFi of Okawaru (Lair:6)
  4 dire elephants (Lair:6)
  Josephine (Lair:6)
  5 hydras
  A yaktaur captain (D:15)
  The ghost of Tungsten the Nimble, a journeyman HuNe of Kikubaaqudgha (D:10)
  2 catoblepae
  A vault guard (D:14)
  4 centaur warriors
  A death knight (D:14)
  An anaconda (Lair:6)
  4 death yaks (Lair:6)
  4 tengu warriors
  10 two-headed ogres
  Urug (Lair:3)
  3 orc high priests (Orc:2)
  A shadow wraith (D:14)
  5 skeletal warriors (D:12)
  An unseen horror (D:13)
  2 deep elf archers (D:15)
  Pikel (D:8)
  A naga ritualist (Snake:1)
  A wizard (D:14)
  12 deep elf magi
  4 orc sorcerers (Orc:2)
  11 ugly things
  2 mana vipers (Snake:1)
  4 cyclopes
  7 orc knights
  Maurice (D:11)
  A manticore (D:15)
  5 elephants
  6 black mambas
  Joseph (D:8)
  A molten gargoyle (Lair:5)
  A guardian serpent (shapeshifter) (D:8)
  An ice statue (IceCv)
  A torpor snail (Lair:6)
  3 gargoyles
  4 kobold demonologists
  14 spiny frogs
  2 freezing wraiths (D:14)
  A yaktaur (D:15)
  3 rime drakes
  A rime drake (shapeshifter) (D:15)
  8 komodo dragons
  16 polar bears
  A tengu conjurer (D:13)
  A harpy zombie (D:15)
  2 hornets
  A queen bee (Lair:3)
  4 trolls
  3 slime creatures (D:15)
  18 blink frogs
  14 hippogriffs
  9 dream sheep
  Sigmund (D:2)
  A shadow (D:14)
  2 spriggans
  A tarantella (shapeshifter) (D:13)
  5 wraiths
  57 yaks
  4 wyverns
  4 basilisks
  A hungry ghost (D:8)
  A steam dragon (Lair:3)
  3 wargs
  5 nagas
  9 water moccasins
  2 acid dragons
  3 porcupines
  Duvessa (D:7)
  3 slaves (D:8)
  5 sky beasts
  3 ice beasts
  2 phantoms
  6 black bears
  34 orc warriors
  5 ogres
  25 wolves
  17 centaurs
  23 crocodiles
  A big kobold (D:9)
  Blork the orc (D:5)
  19 bullfrogs
  Dowan (D:7)
  A wyvern skeleton (D:8)
  2 scorpions
  15 wights
  30 killer bees
  An electric eel (Lair:4)
  5 howler monkeys
  11 crimson imps
  A bullfrog zombie (D:8)
  8 centaur zombies
  A bullfrog skeleton (D:10)
  7 jellies
  24 orc wizards
  2 hounds
  21 orc priests
  2 centaur skeletons
  12 worker ants
  2 iguanas
  A hound zombie (D:7)
  A hound skeleton (D:9)
  A worker ant zombie (D:6)
  9 adders
  6 gnolls (D:8)
  4 shadow imps
  12 white imps (Lair:5)
  3 oozes
  An adder zombie (D:5)
  4 adder skeletons
  5 worms
  7 leopard geckos
  97 orcs
  9 bats
  4 giant cockroaches
  6 goblins
  9 hobgoblins
  5 jackals
  3 quokkas
  2 ball pythons
  A ball python skeleton (D:4)
  3 frilled lizards
  15 kobolds
  A quokka skeleton (D:8)
  14 rats
  7 plants
844 creatures vanquished.

Vanquished Creatures (others)
  A crimson imp (D:8)
  A bush (Lair:6)
  15 fungi
  24 plants
41 creatures vanquished.

Grand Total: 885 creatures vanquished

Notes
Turn   | Place    | Note
-------+----------+-------------------------------------------
     0 | D:1      | varam the Troll Monk began the quest for the Orb.
     0 | D:1      | Reached XP level 1. HP: 22/22 MP: 0/0
     6 | D:1      | Noticed a hog
     6 | D:1      | Noticed a redback
     6 | D:1      | Noticed a swamp drake
     7 | D:1      | Noticed a polar bear
     7 | D:1      | Noticed a lindwurm
    98 | D:1      | Reached XP level 2. HP: 29/29 MP: 1/1
   188 | D:1      | Reached skill level 4 in Unarmed Combat
   239 | D:1      | Reached XP level 3. HP: 36/36 MP: 2/2
   946 | D:2      | Noticed Sigmund
  1073 | D:2      | Killed Sigmund
  1073 | D:2      | Reached skill level 6 in Unarmed Combat
  1073 | D:2      | Reached XP level 4. HP: 14/44 MP: 3/3
  1073 | D:2      | Reached XP level 5. HP: 16/50 MP: 4/4
  1139 | D:2      | Found a hazy altar of Hepliaklqana.
  1242 | D:2      | Found a snail-covered altar of Cheibriados.
  1690 | D:3      | Reached XP level 6. HP: 59/59 MP: 5/5
  1975 | D:5      | Entered Level 5 of the Dungeon
  1975 | D:5      | Noticed Blork the orc
  1982 | D:5      | Noticed an ice beast
  2009 | D:4      | Reached skill level 7 in Unarmed Combat
  2550 | D:4      | Found a bloodstained altar of Trog.
  2843 | D:5      | Reached skill level 8 in Unarmed Combat
  2843 | D:5      | Reached XP level 7. HP: 63/66 MP: 6/6
  2879 | D:5      | Killed Blork the orc
  2991 | D:5      | Reached skill level 3 in Fighting
  2991 | D:5      | Reached skill level 3 in Dodging
  3011 | D:5      | Reached skill level 1 in Armour
  3208 | D:5      | Reached skill level 2 in Armour
  3208 | D:5      | Reached XP level 8. HP: 52/75 MP: 7/7
  3477 | D:5      | Found Boumi's Assorted Antiques.
  3873 | D:6      | Reached skill level 4 in Fighting
  3873 | D:6      | Reached skill level 4 in Dodging
  3952 | D:6      | Found a staircase to the Ecumenical Temple.
  3960 | Temple   | Entered the Ecumenical Temple
  3970 | Temple   | Became a worshipper of Warmaster Okawaru
  3970 | Temple   | Reached * piety under Okawaru
  3970 | Temple   | Reached ** piety under Okawaru
  3992 | D:6      | Reached skill level 3 in Armour
  4168 | D:6      | Reached skill level 1 in Throwing
  4797 | D:7      | Noticed a hippogriff
  4812 | D:7      | Killed a hippogriff
  4812 | D:7      | Reached skill level 2 in Throwing
  4813 | D:7      | Reached skill level 5 in Fighting
  4813 | D:7      | Reached skill level 5 in Dodging
  4813 | D:7      | Reached XP level 9. HP: 73/88 MP: 8/8
  4866 | D:7      | Reached *** piety under Okawaru
  4962 | D:7      | Noticed Duvessa
  4962 | D:7      | Noticed Dowan
  4970 | D:7      | Killed Duvessa
  4970 | D:7      | Reached skill level 3 in Throwing
  4978 | D:7      | Killed Dowan
  5262 | D:8      | Noticed Pikel
  5477 | D:8      | Noticed a two-headed ogre
  5595 | D:8      | Reached skill level 4 in Throwing
  5748 | D:8      | Killed Pikel
  5748 | D:8      | Reached **** piety under Okawaru
  5748 | D:8      | Reached skill level 6 in Fighting
  5748 | D:8      | Reached skill level 6 in Dodging
  5976 | D:8      | Reached skill level 5 in Throwing
  6023 | D:8      | Reached XP level 10. HP: 100/100 MP: 9/9
  6035 | D:8      | Noticed Joseph
  6049 | D:8      | Killed Joseph
  6219 | D:8      | Noticed a guardian serpent
  6226 | D:8      | Killed a guardian serpent
  6412 | D:8      | Noticed a two-headed ogre
  6420 | D:8      | Killed a two-headed ogre
  6420 | D:8      | Received a gift from Okawaru
  6420 | D:8      | Reached skill level 7 in Fighting
  6420 | D:8      | Reached skill level 6 in Throwing
  6420 | D:8      | Reached skill level 7 in Dodging
  6580 | D:8      | Killed a two-headed ogre
  6580 | D:8      | Reached ***** piety under Okawaru
  6580 | D:8      | Received a gift from Okawaru
  7218 | D:9      | Found a staircase to the Orcish Mines.
  7270 | D:9      | Found a white marble altar of Elyvilon.
  7610 | D:10     | Entered Level 10 of the Dungeon
  7627 | D:10     | Noticed a gargoyle
  7637 | D:10     | Killed a gargoyle
  7805 | D:10     | Received a gift from Okawaru
  7811 | D:10     | Reached skill level 7 in Throwing
  7813 | D:10     | Reached XP level 11. HP: 91/111 MP: 10/10
  7908 | D:10     | Noticed a two-headed ogre
  7914 | D:10     | Killed a two-headed ogre
  7914 | D:10     | Received a gift from Okawaru
  7914 | D:10     | Reached skill level 8 in Fighting
  7914 | D:10     | Reached skill level 8 in Dodging
  8028 | D:10     | Noticed Tungsten's ghost (journeyman HuNe)
  8037 | D:10     | Killed Tungsten's ghost
  8037 | D:10     | Received a gift from Okawaru
  8037 | D:10     | Reached skill level 1 in Invocations
  8099 | D:10     | Found a staircase to the Lair.
  8274 | D:10     | Reached skill level 2 in Invocations
  8402 | D:11     | Noticed a two-headed ogre
  8411 | D:11     | Killed a two-headed ogre
  8488 | D:11     | Reached skill level 8 in Throwing
  8515 | D:11     | Received a gift from Okawaru
  8515 | D:11     | Reached skill level 9 in Unarmed Combat
  8546 | D:11     | Reached skill level 3 in Invocations
  8587 | D:11     | Noticed a two-headed ogre
  8699 | D:11     | Killed a two-headed ogre
  8909 | D:11     | Reached skill level 4 in Invocations
  8918 | D:11     | Received a gift from Okawaru
  9106 | D:11     | Reached ****** piety under Okawaru
  9304 | D:11     | Noticed Maurice
  9316 | D:11     | Killed Maurice
  9698 | D:12     | Reached XP level 12. HP: 119/119 MP: 12/14
  9877 | D:12     | Received a gift from Okawaru
  9877 | D:12     | Reached skill level 9 in Throwing
 10278 | Lair:1   | Entered Level 1 of the Lair of Beasts
 10287 | Lair:1   | Reached skill level 5 in Invocations
 10329 | Lair:1   | Reached skill level 10 in Unarmed Combat
 11116 | Lair:1   | Received a gift from Okawaru
 12876 | Lair:2   | Found a staircase to the Snake Pit.
 12887 | Lair:2   | Reached skill level 4 in Armour
 13336 | Lair:3   | Reached skill level 11 in Unarmed Combat
 13516 | Lair:3   | Reached skill level 6 in Invocations
 13689 | Lair:3   | Noticed Urug
 13690 | Lair:3   | Reached XP level 13. HP: 59/128 MP: 13/16
 13698 | Lair:3   | Killed Urug
 13869 | Lair:3   | Found a staircase to the Shoals.
 13958 | Lair:3   | Found the +4 skin of Zhor {rC+++}
 14082 | Lair:3   | Received a gift from Okawaru
 14966 | Lair:4   | Reached skill level 9 in Dodging
 14970 | Lair:4   | Reached skill level 9 in Fighting
 15005 | Lair:4   | Reached skill level 10 in Throwing
 15078 | Lair:4   | Received a gift from Okawaru
 15144 | Lair:3   | Got a twisted long sword
 15145 | Lair:3   | Identified the +7 long sword of Jisueq {pain, Int+2} (You found it on level 3 of the Lair of Beasts)
 15323 | Lair:3   | Reached skill level 5 in Armour
 16284 | Lair:5   | Reached skill level 12 in Unarmed Combat
 16649 | Lair:5   | Found a frozen archway.
 16711 | IceCv    | Entered an ice cave
 16754 | IceCv    | Reached skill level 7 in Invocations
 17171 | IceCv    | Noticed a frost giant
 17181 | IceCv    | Killed a frost giant
 17241 | IceCv    | Reached skill level 1 in Shields
 17250 | IceCv    | Reached XP level 14. HP: 111/140 MP: 18/18
 17328 | IceCv    | Reached skill level 2 in Shields
 17709 | Lair:6   | Entered Level 6 of the Lair of Beasts
 17719 | Lair:5   | Reached skill level 3 in Shields
 17783 | Lair:6   | Found a deep blue altar of Sif Muna.
 17887 | Lair:6   | Noticed RoseArtemis's ghost (journeyman MiFi)
 17898 | Lair:6   | Killed RoseArtemis's ghost
 17949 | Lair:6   | Reached skill level 4 in Shields
 18203 | Lair:6   | Received a gift from Okawaru
 18250 | Lair:6   | Noticed Josephine
 18257 | Lair:6   | Killed Josephine
 18257 | Lair:6   | Reached skill level 5 in Shields
 18278 | Lair:6   | Received a gift from Okawaru
 18456 | Lair:6   | Reached skill level 6 in Shields
 18608 | Lair:6   | Reached skill level 7 in Shields
 18747 | Lair:6   | Found the +1 cloak of Starlight {rElec rC+ EV+4 Stlth--}
 18791 | Lair:6   | Found a staircase to the Slime Pits.
 19427 | Lair:6   | Got a wavering iron ring
 19429 | Lair:6   | Identified the ring of Wabbis {Ice +Blink +Fly Stlth+} (You found it on level 6 of the Lair of Beasts)
 19464 | Lair:6   | Reached skill level 8 in Shields
 19472 | Lair:6   | Received a gift from Okawaru
 19624 | Lair:6   | Noticed Rupert
 19633 | Lair:6   | Killed Rupert
 19647 | Lair:6   | Reached skill level 6 in Armour
 19971 | Orc:1    | Entered Level 1 of the Orcish Mines
 20264 | D:12     | Reached skill level 9 in Shields
 20781 | D:12     | HP: 13/140 [skeletal warrior/dire flail[a skeletal warrior] (12)]
 20963 | D:12     | Received a gift from Okawaru
 21214 | D:9      | Reached XP level 15. HP: 108/148 MP: 19/19
 21625 | Orc:2    | Entered Level 2 of the Orcish Mines
 21633 | Orc:2    | Found a staircase to the Elven Halls.
 21823 | Orc:2    | Found a roughly hewn altar of Beogh.
 22577 | Orc:2    | Reached skill level 10 in Fighting
 22583 | Orc:2    | HP: 11/149 [orc priest/divine providence (12)]
 22945 | Orc:2    | Reached skill level 13 in Unarmed Combat
 22961 | Orc:2    | Noticed an orc warlord
 22971 | Orc:2    | Killed an orc warlord
 23492 | Orc:2    | Found Gekli's General Store.
 23493 | Orc:2    | Found Ygesch's Book Shop.
 23495 | Orc:2    | Found Wenn's Antique Armour Shop.
 23495 | Orc:2    | Found Vuiceel's Antique Weapon Boutique.
 23502 | Orc:2    | Bought a scroll of teleportation for 30 gold pieces
 23788 | Orc:1    | Received a gift from Okawaru
 23788 | Orc:1    | Reached skill level 8 in Invocations
 23821 | Orc:1    | Found Tefaf's Weapon Boutique.
 25738 | D:14     | Received a gift from Okawaru
 25977 | D:14     | Received a gift from Okawaru
 26230 | D:14     | Received a gift from Okawaru
 26230 | D:14     | Reached skill level 11 in Fighting
 26235 | D:14     | Got a creamy pearl robe {god gift}
 26246 | D:14     | Identified the +0 robe of Theory {SInv} (Okawaru gifted it to you on level 14 of the Dungeon)
 26314 | D:14     | Reached skill level 14 in Unarmed Combat
 26477 | D:14     | Found a gate to the Vaults.
 26612 | D:15     | Entered Level 15 of the Dungeon
 27318 | D:15     | Reached XP level 16. HP: 154/162 MP: 21/21
 27727 | D:15     | Reached skill level 9 in Invocations
 27733 | D:15     | Found Ycvucvif's Armour Shop.
 27866 | D:15     | Found a staircase to the Depths.
 28115 | Snake:1  | Entered Level 1 of the Snake Pit
 28281 | Snake:1  | Noticed Agnes
 28288 | Snake:1  | Killed Agnes
 28517 | Snake:1  | Received a gift from Okawaru
 28756 | Snake:1  | HP: 12/165 [salamander/enchanted halberd (12)]
 28756 | Snake:1  | Slain by a salamander

Vault maps used:
D:1:      onia_arrival_zoo_common, st_stairs_4, grunt_decor_resistance
D:2:      nicolae_overflow_hidden_temple, uniq_sigmund
D:3:      first_ration, minmay_misc_feat_tower
D:4:      kennysheep_mini_moat
D:5:      serial_shops, nicolae_shop_crystal, uniq_blork_the_orc
D:6:      minmay_temple_entry_glassed_door
D:7:      the_bakery, st_stairs_9, uniq_duvessa
D:8:      minmay_the_grid_octo_triangle, uniq_pikel, uniq_joseph
D:9:      david_orc_2, basic_altar
D:10:     lair_entry_dummy, bh_chokoban
D:11:     uniq_maurice
D:12:     kennysheep_crisscross
D:14:     david_vaults_4, serial_park_gazebo, hex_medium
D:15:     grunt_enter_depths_snipers, serial_shops, nicolae_shop_behind_doors,
          hangedman_abyss_or_decor_lesser_grid
Temple:   regret_index_temple_mists
Lair:1:   grunt_megastairs_2
Lair:2:   guppyfry_snake_entry_garden
Lair:3:   regret_index_wax_grids, elwin_shoals_entry_rocks, forest_entry_grove,
          uniq_urug
Lair:4:   grunt_megastairs_1, serial_bayou_shore_a, lemuel_fruit_tree
Lair:5:   portal_ice_cave_entry_imps
Lair:6:   due_jungle_book, slime_dummy, serial_bayou_pond_d, st_stairs_12,
          lemuel_oklob_altar, lemuel_fruit_fields, uniq_josephine, uniq_rupert
Snake:1:  uniq_agnes
Orc:1:    serial_shops, nicolae_shop_trees
Orc:2:    st_orc_congregation, basic_altar, elves_outpost_lemuel
IceCv:    ice_cave_small_giant

Skill      XL: |  1  2  3  4  5  6  7  8  9 10 11 12 13 14 15 16 |
---------------+-------------------------------------------------+-----
Unarmed Combat | 4 6 8 9 11 12 14 | 14.7
Fighting       | 3 5 6 7 8 9 11 | 11.7
Dodging        | 3 5 6 7 8 9 |  9.4
Armour         | 2 3 4 5 6 |  6.2
Throwing       | 2 5 7 8 9 10 | 10.4
Invocations    | 4 6 7 8 9 |  9.1
Shields        | 1 9 |  9.0
Stealth        | |  1.0
Evocations     | |  0.6

Action                   |  1- 3 |  4- 6 |  7- 9 | 10-12 | 13-15 | 16-18 || total
-------------------------+-------+-------+-------+-------+-------+-------++-------
Melee: Unarmed           |    86 |   140 |   344 |   612 |  1458 |   187 ||  2827
       Punch             |       |     5 |    16 |    28 |    63 |       ||   112
       Demon whip        |       |       |       |       |     3 |       ||     3
 Fire: Blowgun           |       |       |       |       |    10 |       ||    10
Throw: Large rock        |       |       |       |    38 |   100 |     9 ||   147
       Javelin           |       |       |       |   105 |   146 |     7 ||   258
       Tomahawk          |       |       |       |     9 |     3 |       ||    12
Invok: Heroism           |       |       |       |    18 |    21 |     3 ||    42
       Finesse           |       |       |       |       |     1 |       ||     1
 Abil: Evoke Flight      |       |       |       |       |     1 |       ||     1
Evoke: Phial of floods   |       |       |       |     1 |       |       ||     1
       Wand              |       |       |       |       |    10 |       ||    10
  Use: Scroll            |       |     2 |     2 |    15 |     9 |     4 ||    32
       Potion            |       |       |       |     3 |     9 |     2 ||    14
 Stab: Sleeping          |     2 |     2 |     2 |     3 |     7 |     1 ||    17
       Distracted        |       |       |     1 |     2 |       |       ||     3
       Confused          |       |       |       |       |     2 |       ||     2
       Invisible         |       |       |       |       |     3 |       ||     3
  Eat: Chunk             |    15 |    16 |    34 |    76 |   124 |     8 ||   273
Armor: Robe              |    33 |    59 |    93 |   144 |    12 |       ||   341
       Animal skin       |       |       |       |       |   220 |       ||   220
       Steam dragon scal |       |       |       |       |   132 |    29 ||   161
Dodge: Dodged            |    36 |    72 |   121 |   400 |   791 |    61 ||  1481
Block: Shield            |       |       |       |       |   316 |    77 ||   393

Table legend:
 A = Spawn XP
 B = Non-spawn XP
 C = Spawn XP percentage of total XP
 D = Spawn monster count
 E = Non-spawn monster count
 F = Spawn count percentage of total count
 G = Total turns spent on level
                    A         B        C        D         E        F      G
               +---------+---------+-------+---------+---------+-------+---------
         Total |       0 |  169754 |   0.0 |       0 |     834 |   0.0 | 28756
               +---------+---------+-------+---------+---------+-------+---------
           D:1 |       0 |      57 |   0.0 |       0 |      28 |   0.0 |   576
           D:2 |       0 |     255 |   0.0 |       0 |      16 |   0.0 |   769
           D:3 |       0 |      90 |   0.0 |       0 |      25 |   0.0 |   567
           D:4 |       0 |     265 |   0.0 |       0 |      16 |   0.0 |   773
           D:5 |       0 |     859 |   0.0 |       0 |      16 |   0.0 |   996
           D:6 |       0 |     786 |   0.0 |       0 |      30 |   0.0 |   656
           D:7 |       0 |    1452 |   0.0 |       0 |      30 |   0.0 |   939
           D:8 |       0 |    5038 |   0.0 |       0 |      35 |   0.0 |  1487
           D:9 |       0 |    2119 |   0.0 |       0 |      30 |   0.0 |  1063
          D:10 |       0 |    5173 |   0.0 |       0 |      26 |   0.0 |   962
          D:11 |       0 |    6392 |   0.0 |       0 |      36 |   0.0 |  1293
          D:12 |       0 |    8444 |   0.0 |       0 |      17 |   0.0 |  1705
          D:13 |       0 |    7639 |   0.0 |       0 |      28 |   0.0 |  1361
          D:14 |       0 |   12301 |   0.0 |       0 |      41 |   0.0 |  1380
          D:15 |       0 |   19517 |   0.0 |       0 |      57 |   0.0 |  1144
        Lair:1 |       0 |    7096 |   0.0 |       0 |      37 |   0.0 |  2188
        Lair:2 |       0 |    2374 |   0.0 |       0 |      13 |   0.0 |   875
        Lair:3 |       0 |   12060 |   0.0 |       0 |      67 |   0.0 |  1723
        Lair:4 |       0 |    8033 |   0.0 |       0 |      24 |   0.0 |  1376
        Lair:5 |       0 |    5808 |   0.0 |       0 |      35 |   0.0 |   822
        Lair:6 |       0 |   27123 |   0.0 |       0 |      62 |   0.0 |  2014
       Snake:1 |       0 |    5287 |   0.0 |       0 |       8 |   0.0 |   641
         Orc:1 |       0 |    3815 |   0.0 |       0 |      30 |   0.0 |   843
         Orc:2 |       0 |   18301 |   0.0 |       0 |      92 |   0.0 |  1903
         IceCv |       0 |    9470 |   0.0 |       0 |      35 |   0.0 |   678
               +---------+---------+-------+---------+---------+-------+---------
